 Dungeon Crawl Stone Soup version 0.31.0-12-g77e489cdc1 (webtiles) character file.

Game seed: 16550095270394872102

944 Curundu the Covered (level 7, 0/63 HPs)
             Began as a Minotaur Berserker on Feb 22, 2024.
             Was a Priest of Trog.
             Slain by Prince Ribbit (10 damage)
             ... on level 5 of the Dungeon.
             The game lasted 00:13:52 (5033 turns).

Curundu the Covered (Minotaur Berserker)            Turns: 5033, Time: 00:13:53

Health: 0/63       AC: 15    Str: 30    XL:     7   Next: 88%
Magic:  6/6        EV:  9    Int:  4    God:    Trog [***...]
Gold:   204        SH:  0    Dex:  9    Spells: 6/6 levels left

rFire   . . .        n - +2 halberd (vamp)
rCold   . . .        (shield currently unavailable)
rNeg    . . .        B - +1 plate armour
rPois   .            (helmet restricted)
rElec   .            s - +0 cloak
rCorr   .            (no gloves)
SInv    .            (no boots)
Will    +....        f - amulet of the acrobat Stlth
                     h - +6 ring of strength
HPRegen 0.30/turn    A - ring of willpower
MPRegen 0.10/turn

%: acrobat
@: no status effects
A: horns 2, retaliatory headbutt
a: Renounce Religion, Berserk, Trog's Hand


You were on level 5 of the Dungeon.
You worshipped Trog.
Trog was most pleased with you.
You visited 1 branch of the dungeon, and saw 5 of its levels.
You also visited: Ossuary.

You collected 204 gold pieces.

Inventory:

Hand Weapons
 a - a +1 hand axe of draining
 n - a +2 vampiric halberd (weapon)
Missiles
 g - 3 javelins (quivered)
 m - a throwing net
Armour
 l - a +0 chain mail
 s - a +0 cloak (worn)
 B - a +1 plate armour (worn)
Jewellery
 f - an amulet of the acrobat (around neck)
 h - a +6 ring of strength (left hand)
 A - a ring of willpower (right hand)
Scrolls
 i - 3 scrolls of teleportation
 r - 2 scrolls of immolation
 t - a scroll of silence
Potions
 d - a potion of lignification
 e - 2 potions of enlightenment
 j - a potion of heal wounds {unknown}
 k - a potion of attraction {unknown}
 u - a potion of experience {unknown}
 v - 2 potions of haste
 z - a potion of cancellation {unknown}


   Skills:
 + Level 6.1 Fighting
 + Level 6.2 Axes
 * Level 7.3 Armour
 * Level 4.0 Dodging
 - Level 1.0 Stealth


You had 6 spell levels left.
You didn't know any spells.
Your spell library was empty.

Dungeon Overview and Level Annotations

Branches:
Dungeon (5/15)             Temple (0/1) D:4         Ossuary (visited)

Altars:
Hepliaklqana
Vehumet

Annotations:
D:5 Prince Ribbit


Innate Abilities, Weirdness & Mutations

You have a pair of horns on your head.
You reflexively headbutt those who attack you in melee.


Message History

Prince Ribbit hits you but does no damage. x2
You barely miss Prince Ribbit. Your headbutt misses Prince Ribbit.
Prince Ribbit is moderately wounded.
Prince Ribbit barely misses you. You furiously retaliate!
You headbutt Prince Ribbit!
Prince Ribbit hits you but does no damage.
You hit Prince Ribbit.
You feel better.
Prince Ribbit is severely wounded.
Prince Ribbit hops awkwardly around.
Prince Ribbit blinks!
You closely miss Prince Ribbit.
Prince Ribbit is severely wounded.
Prince Ribbit blinks! x2
Prince Ribbit blinks!
You barely miss Prince Ribbit. Your headbutt misses Prince Ribbit.
Prince Ribbit is severely wounded.
Prince Ribbit asks, "Just a little smooch?"
Prince Ribbit hits you! x2
You barely miss Prince Ribbit.
Prince Ribbit is severely wounded.
Prince Ribbit hits you but does no damage.
Prince Ribbit hits you!
You slash Prince Ribbit!
Prince Ribbit is almost dead.
Prince Ribbit hits you but does no damage.
You closely miss Prince Ribbit.
Prince Ribbit is almost dead.
Prince Ribbit hits you.
* * * LOW HITPOINT WARNING * * *
Prince Ribbit closely misses you.
You miss Prince Ribbit. Your headbutt misses Prince Ribbit.
Prince Ribbit is almost dead.
Prince Ribbit hits you but does no damage.
Prince Ribbit closely misses you.
You miss Prince Ribbit. Your headbutt misses Prince Ribbit.
Prince Ribbit is almost dead.
Prince Ribbit hits you.
* * * LOW HITPOINT WARNING * * *
Prince Ribbit hits you!
You die...

#.####.####
#.#.##
#......#
#.#.##
#####..#
#.#..>
#.###..#
#.###.
#......#
#.# #.
#.###.##
#.# #. #.#
#.#######.#
#. #.#
#....(..#.#
#. #@#
#######.#.#
#. #F#
#.#.# #.
#.# #.#.#
#. #.#
#.#.# #.
#.#
#.#.###+
#.#
#.#.....
#.#
#.#.....
#.#
#.'.....
###.....


You could see Prince Ribbit.

Vanquished Creatures
  A black bear (D:5)
  An ogre (D:4)
  A phantom (D:4)
  A scorpion (D:4)
  4 centaur zombies (Ossuary)
  A hound (D:5)
  A sleepcap (D:5)
  Crazy Yiuf (D:4)
  An iguana (D:5)
  An orc wizard (D:3)
  Natasha (twice) (D:2)
  4 crocodile zombies (Ossuary)
  2 mummies (Ossuary)
  Robin (D:2)
  8 gnolls
  6 adders
  2 dart slugs (D:3)
  A ribbon worm (D:2)
  8 orcs
  A ball python (D:2)
  4 endoplasms
  A giant cockroach (D:1)
  14 goblins
  10 hobgoblins
  4 jackals (D:3)
  5 quokkas
  5 bats
  A frilled lizard (D:3)
  5 kobolds
  2 kobold zombies (Ossuary)
  4 rats
103 creatures vanquished.

Notes
Turn   | Place    | Note
-------+----------+-------------------------------------------
     0 | D:1      | Curundu the Minotaur Berserker began the quest for the Orb.
     0 | D:1      | Reached XP level 1. HP: 19/19 MP: 0/0
   288 | D:1      | Reached XP level 2. HP: 23/27 MP: 1/1
   977 | D:2      | Reached XP level 3. HP: 22/33 MP: 2/2
  1042 | D:2      | Found a faded altar of an unknown god.
  1116 | D:2      | Noticed Natasha
  1129 | D:2      | Killed Natasha
  1130 | D:2      | Reached skill level 3 in Armour
  1386 | D:2      | Noticed Robin
  1387 | D:2      | Reached ** piety under Trog
  1391 | D:2      | Reached XP level 4. HP: 40/41 MP: 3/3
  1398 | D:2      | Killed Robin
  1555 | D:2      | Noticed Natasha
  1565 | D:2      | Killed Natasha
  1566 | D:2      | Reached skill level 5 in Axes
  1633 | D:2      | Reached skill level 1 in Stealth
  1633 | D:2      | Reached XP level 5. HP: 45/47 MP: 4/4
  2745 | D:3      | Reached skill level 4 in Armour
  2973 | D:4      | Found a staircase to the Ecumenical Temple.
  2987 | D:4      | Reached XP level 6. HP: 46/55 MP: 5/5
  3110 | D:4      | Reached *** piety under Trog
  3111 | D:4      | Reached skill level 5 in Fighting
  3124 | D:4      | Found a runed translucent door.
  3127 | D:4      | Noticed Crazy Yiuf
  3217 | D:4      | Found a sand-covered staircase.
  3222 | Ossuary  | Entered an ossuary
  3379 | Ossuary  | Reached skill level 5 in Armour
  3430 | Ossuary  | Reached XP level 7. HP: 56/61 MP: 6/6
  3805 | D:4      | Reached skill level 6 in Armour
  4152 | D:4      | Killed Crazy Yiuf
  4199 | D:5      | Entered Level 5 of the Dungeon
  4462 | D:5      | Found a hazy altar of Hepliaklqana.
  4522 | D:5      | Reached skill level 7 in Armour
  4802 | D:5      | Found a radiant altar of Vehumet.
  5006 | D:5      | Noticed Prince Ribbit
  5033 | D:5      | Slain by Prince Ribbit

Illustrated notes

Levels and vault maps discovered:
D:1:      saegor_arrival_miasma, layout_basic, serial_corexii_hall,
          chequers_hall_statues_corner_a, chequers_hall_statues_wall_a,
          chequers_hall_statues_corner_a, chequers_decorated_corner
D:2:      layout_rooms, hellmonk_ecumenical_altar_heavens_door, uniq_robin,
          uniq_natasha
D:3:      layout_loops_corners, minmay_puff
D:4:      layout_loops_ring, minmay_temple_entry_overgrown, enter_ossuary_5,
          palyth_stone_intersect, uniq_crazy_yiuf_cottage
D:5:      layout_basic, nicolae_hepliaklqana_hazy_memory,
          mainiacjoe_overflow_surrounded_room, minmay_misc_feat_four_crosses,
          uniq_prince_ribbit1, uniq_duvessa

Skill      XL: |  1  2  3  4  5  6  7 |
---------------+----------------------+-----
Axes           | 4 5 6 |  6.2
Fighting       | 4 5 6 |  6.1
Armour         | 3 4 5 7 |  7.3
Stealth        | 1 |  1.0
Dodging        | 3 4 |  4.0

Action                     |  1- 3 |  4- 6 |  7- 9 || total
---------------------------+-------+-------+-------++-------
  Melee: Hand axe          |    60 |    36 |       ||    96
         Headbutt          |    14 |    27 |     7 ||    48
         Halberd           |       |   117 |    71 ||   188
 Invoke: Berserk           |     1 |       |       ||     1
         Trog's Hand       |       |     1 |     1 ||     2
    Use: Scroll            |     1 |       |    12 ||    13
 Armour: Animal skin       |    16 |       |       ||    16
         Chain mail        |    26 |   164 |    41 ||   231
         Plate armour      |       |       |    25 ||    25
  Dodge: Dodged            |    50 |   130 |    36 ||   216
